 Dungeon Crawl Stone Soup version 0.20.0-10-g0535bb4 (webtiles) character file.

1144 anfisbena the Slasher (level 8, -7/44 HPs)
             Began as a Vine Stalker Fighter on June 4, 2017.
             Was a Follower of Uskayaw.
             Mangled by a hornet (10 damage)
             ... while paralysed by a hornet
             ... on level 7 of the Dungeon.
             The game lasted 00:04:57 (5029 turns).

anfisbena the Slasher (Vine Stalker Fighter)        Turns: 5029, Time: 00:04:58

Health: -7/44      AC: 10    Str: 19    XL:     8   Next: 37%
Magic:  0/9        EV:  2    Int:  8    God:    Uskayaw [*.....]
Gold:   251        SH:  0    Dex: 16    Spells: 7/7 levels left

rFire    . . .     SeeInvis .   a - +0 long sword
rCold    . . .     Gourm    .   c - +0 shield
rNeg     . . .     Faith    .   b - +0 scale mail
rPois    .         Spirit   +   g - +0 helmet
rElec    .         Reflect  .   h - +2 cloak
rCorr    .         Harm     .   (no gloves)
MR       +....                  (no boots)
Stlth    ..........             (no amulet)
Regen    0.6/turn               p - +1 ring of evasion
MPRegen  0.2/turn               (no ring)

@: paralysed, lethally poisoned (-7 -> -9), slowed
A: fangs 3, regeneration 1, magic shield, antimagic bite, no potion heal 3, rot
immunity
a: Stomp, Renounce Religion


You were on level 7 of the Dungeon.
You worshipped Uskayaw.
Uskayaw was noncommittal.
You were not hungry.

You visited 2 branches of the dungeon, and saw 8 of its levels.

You collected 251 gold pieces.

Inventory:

Hand Weapons
 a - a +0 long sword (weapon)
Armour
 b - a +0 scale mail (worn)
 c - a +0 shield (worn)
 g - a +0 helmet (worn)
 h - a +2 cloak (worn)
 y - a +0 pair of gloves
Jewellery
 p - a +1 ring of evasion (left hand)
 s - an uncursed amulet of faith {unknown}
Wands
 u - a wand of flame (34/48)
Scrolls
 e - 2 scrolls of blinking {unknown}
 i - 4 scrolls of teleportation {unknown}
 k - 2 scrolls of enchant armour {unknown}
 l - 6 scrolls of identify {unknown}
 t - 2 scrolls of amnesia {unknown}
 v - 3 scrolls of remove curse {unknown}
 w - a scroll of recharging {unknown}
 x - a scroll of enchant weapon {unknown}
 z - 2 scrolls of fear {unknown}
 B - a scroll of fog {unknown}
Potions
 d - 3 potions of might
 m - a potion of resistance {unknown}
 n - a potion of magic {unknown}
 o - 2 potions of lignification {unknown}
 r - 5 potions of degeneration {unknown}
Comestibles
 f - 4 bread rations
 j - 9 fruits
 q - 2 royal jellies
 A - a meat ration
 C - 4 chunks of flesh


   Skills:
 + Level 5.6 Fighting
 * Level 7.5 Long Blades
 - Level 2.4 Armour
 - Level 2.6 Shields


You had 7 spell levels left.
You didn't know any spells.

Dungeon Overview and Level Annotations

Branches:
Dungeon (7/15)             Temple (1/1) D:5

Altars:
Ashenzari
Cheibriados
Dithmenos
Elyvilon
Fedhas
Hepliaklqana
Kikubaaqudgha
Makhleb
Nemelex Xobeh
Okawaru
Qazlal
Ru
Sif Muna
Uskayaw
Vehumet
Xom
Zin
The Shining One


Innate Abilities, Weirdness & Mutations

You have razor-sharp teeth.
Your natural rate of healing is unusually fast.
When hurt, damage is shared between your health and your magic reserves.
Your bite disrupts and absorbs the magic of your enemies.
Potions cannot restore your health.
You are immune to rotting.


Message History

You feel as though you will be slow longer.
You hit the hornet but do no damage.
The hornet is lightly wounded.
You feel sick. The hornet barely misses you. The hornet stings you!
* * * LOW HITPOINT WARNING * * *
You feel as though you will be slow longer.
You block the hornet's attack.
You hit the hornet. Your bite misses the hornet.
The hornet is moderately wounded.
You feel sick. The hornet stings you!
* * * LOW HITPOINT WARNING * * *
You suddenly lose the ability to move!
The hornet stings you.
* * * LOW HITPOINT WARNING * * *
You feel as though you will be slow longer.
The hornet stings you.
* * * LOW HITPOINT WARNING * * *
You feel as though you will be slow longer.
The hornet completely misses you.
You feel sick. The hornet stings you!
You die...

##########))#######....
#...[...##)># #.###
#.......##..##### #.###
#......................
######'###..#####...###
#.# #..... .....
#######.###..#####...#
# .............# .(...
#######@....## ##....
#y###.# ..# .# #..#
#### .... ..... .....
..... ...... .....
###..## #####


You could see a hornet.

Vanquished Creatures
  Sigmund (D:4)
  Edmund (D:6)
  A sky beast (D:6)
  A black bear (D:6)
  A phantom (D:4)
  A scorpion (D:5)
  2 crimson imps
  2 bullfrog zombies (D:5)
  A centaur zombie (D:5)
  2 bullfrog skeletons
  2 hounds
  An orc wizard (D:7)
  3 worker ants
  Robin (D:4)
  6 adders
  A river rat (D:4)
  An ooze (D:1)
  An adder skeleton (D:6)
  2 worms
  2 dart slugs
  4 leopard geckos
  4 orcs
  5 giant cockroaches
  15 goblins
  11 hobgoblins
  3 jackals (D:1)
  4 quokkas
  4 ball pythons
  10 bats
  4 frilled lizards
  5 kobolds (D:2)
  A leopard gecko skeleton (D:4)
  A quokka zombie (D:6)
  6 rats
110 creatures vanquished.

Notes
Turn   | Place    | Note
-------+----------+-------------------------------------------
     0 | D:1      | anfisbena the Vine Stalker Fighter began the quest for the Orb.
     0 | D:1      | Reached XP level 1. HP: 11/11 MP: 2/2
    18 | D:1      | Reached skill level 2 in Long Blades
    74 | D:1      | Reached XP level 2. HP: 12/16 MP: 3/3
   684 | D:1      | Reached XP level 3. HP: 19/19 MP: 4/4
   830 | D:2      | Reached skill level 3 in Long Blades
  1536 | D:2      | Gained mutation: Your natural rate of healing is unusually fast. [Vine Stalker growth]
  1536 | D:2      | Reached XP level 4. HP: 24/24 MP: 5/5
  2227 | D:3      | Found an iron altar of Okawaru.
  2328 | D:3      | Found an iron altar of Okawaru.
  2588 | D:3      | You fall through a shaft!
  2589 | D:4      | Noticed a phantom
  2612 | D:4      | Reached XP level 5. HP: 24/28 MP: 3/6
  2620 | D:4      | Noticed Robin
  2634 | D:4      | Killed Robin
  2634 | D:4      | Reached skill level 4 in Long Blades
  2667 | D:4      | Killed a phantom
  2667 | D:4      | Reached XP level 6. HP: 23/33 MP: 5/7
  3146 | D:4      | Noticed Sigmund
  3186 | D:4      | Killed Sigmund
  3186 | D:4      | Reached skill level 5 in Long Blades
  3414 | D:5      | Entered Level 5 of the Dungeon
  3474 | D:5      | Reached XP level 7. HP: 38/38 MP: 8/8
  3587 | D:5      | Found a staircase to the Ecumenical Temple.
  3599 | Temple   | Entered the Ecumenical Temple
  3670 | Temple   | Became a worshipper of Uskayaw the Reveler
  3869 | D:5      | Reached * piety under Uskayaw
  3873 | D:5      | Reached ** piety under Uskayaw
  3988 | D:5      | Reached skill level 6 in Long Blades
  4010 | D:5      | Reached *** piety under Uskayaw
  4112 | D:5      | Reached skill level 5 in Fighting
  4170 | D:6      | Noticed Edmund
  4190 | D:6      | Killed Edmund
  4193 | D:6      | Reached **** piety under Uskayaw
  4201 | D:6      | Reached skill level 7 in Long Blades
  4201 | D:6      | Gained mutation: You have razor-sharp teeth. [Vine Stalker growth]
  4201 | D:6      | Reached XP level 8. HP: 3/43 MP: 0/9
  5021 | D:7      | Noticed a hornet
  5027 | D:7      | Paralysed by a hornet for 3 turns
  5029 | D:7      | Mangled by a hornet

Skill      XL: |  1  2  3  4  5  6  7 |
---------------+----------------------+-----
Long Blades    | 2 3 4 5 7 |  7.5
Fighting       | 3 4 5 |  5.6
Armour         | |  2.4
Shields        | |  2.6

Action                   |  1- 3 |  4- 6 |  7- 9 || total
-------------------------+-------+-------+-------++-------
Melee: Long sword        |    73 |   161 |   151 ||   385
       Bite              |    18 |    53 |    58 ||   129
 Stab: Paralysed         |       |       |     4 ||     4
  Eat: Chunk             |     2 |     6 |     6 ||    14
Armor: Scale mail        |    45 |    69 |    97 ||   211
Dodge: Dodged            |    23 |    45 |    56 ||   124
Block: Shield            |    46 |    66 |    87 ||   199
       Rpst.: Long sword |     7 |    13 |    13 ||    33
